 Dungeon Crawl Stone Soup version 0.29.1-15-g9cfb28693d (webtiles) character file.

Game seed: 716529638308777510

156 FaviusArthum the Conjurer (level 5, -2/28 HPs)
             Began as a Deep Elf Conjurer on Sept 18, 2023.
             Slain by an ufetubus (3 damage)
             ... on level 5 of the Dungeon on Sept 19, 2023.
             The game lasted 00:17:39 (4739 turns).

FaviusArthum the Conjurer (Deep Elf Conjurer)       Turns: 4739, Time: 00:17:40

Health: -2/28      AC:  5    Str:  1 (4)  XL:     5   Next: 14%
Magic:  22/22      EV: 10    Int: 20 (23) God:
Gold:   133        SH:  0    Dex: 14 (15) Spells: 4/13 levels left

rFire   . . .      SeeInvis .   k - +2 flail (drain)
rCold   . . .      Faith    .   (no shield)
rNeg    . . .      Spirit   .   c - +0 leather armour
rPois   .          Reflect  .   p - +1 helmet
rElec   .          Harm     .   (no cloak)
rCorr   .          Rampage  .   (no gloves)
Will    .....                   (no boots)
Stlth   ++........              (no amulet)
HPRegen 0.09/turn               q - ring of magical power
MPRegen 0.18/turn               x - ring of flight

@: about to teleport, flying
A: no striking features
a: no special abilities


You were on level 5 of the Dungeon.
You visited 1 branch of the dungeon, and saw 5 of its levels.

You collected 133 gold pieces.

Inventory:

Hand Weapons
 d - a +0 short sword
 h - a +0 dagger
 k - a +2 flail of draining (weapon)
 l - a +0 rapier
Missiles
 m - 4 silver javelins (quivered)
 n - 4 poisoned darts
 t - a throwing net
 y - 2 silver boomerangs
Armour
 a - a +0 robe
 c - a +0 leather armour (worn)
 p - a +1 helmet (worn)
Jewellery
 q - a ring of magical power (left hand)
 x - a ring of flight (right hand)
Scrolls
 s - a scroll of teleportation
Potions
 b - a potion of magic
 e - a potion of lignification {unknown}
 f - a potion of might {unknown}
 g - a potion of brilliance {unknown}
 i - a potion of mutation
 j - 2 potions of curing {unknown}
 o - a potion of invisibility {unknown}
 r - a potion of berserk rage {unknown}
 u - a potion of flight {unknown}
 w - a potion of ambrosia {unknown}


   Skills:
 + Level 0.3 Fighting
 * Level 1.9 Armour
 + Level 3.1 Dodging
 + Level 2.8 Stealth
 * Level 4.5 Spellcasting
 + Level 5.1 Conjurations


You had 4 spell levels left.
You knew the following spells:

 Your Spells              Type           Power      Damage    Failure   Level
a - Magic Dart            Conj           100%       1d8       4%          1
b - Searing Ray           Conj           50%        2d6       6%          2
c - Poisonous Vapours     Pois/Air       8%         N/A       43%         2
d - Fulminant Prism       Conj/Hex       7%         3d7       75%         4

Your spell library contained the following spells:

 Spells                   Type           Power      Damage    Failure   Level
 Dazzling Flash           Conj/Hex       28%        N/A       34%         3
 Iskenderun's Mystic Bla  Conj/Tloc      14%        2d5       75%         4
 Corpse Rot               Necr/Pois/Air  4%         N/A       97%         4


Dungeon Overview and Level Annotations

Branches:
Dungeon (5/15)
 Temple: D:4-7

Altars:
Zin


Message History

The ufetubus attacks as you move away! The ufetubus barely misses you.
The ufetubus closely misses you.
The ufetubus hits you but does no damage. x2
The ufetubus closely misses you.
The ufetubus hits you but does no damage.
The orc wizard gestures at you while chanting.
You are confused.
The ufetubus hits you but does no damage.
The ufetubus hits you. The ufetubus attacks as you move away!
The ufetubus closely misses you. The ufetubus misses you.
The ufetubus barely misses you. The ufetubus closely misses you.
The orc wizard points at you and mumbles some strange words.
You resist with some effort.
The ufetubus hits you but does no damage.
The ufetubus barely misses you. The ufetubus attacks as you move away!
The ufetubus barely misses you. The ufetubus completely misses you.
The ufetubus barely misses you.
The ufetubus hits you but does no damage.
You feel less confused. The orc wizard casts a spell at you.
The puff of flame hits you.
* * * LOW HITPOINT WARNING * * *
The ufetubus hits you.
* * * LOW HITPOINT WARNING * * *
The ufetubus barely misses you.
It was a potion of degeneration.
There was something very wrong with that liquid.
You feel weakened.
You feel dopey.
You feel clumsy.
The ufetubus hits you but does no damage. x2
As you read the scroll of teleportation, it crumbles to dust.
You feel strangely unstable.
The ufetubus hits you but does no damage.
The ufetubus closely misses you. x2; The ufetubus hits you.
* * * LOW HITPOINT WARNING * * *
The orc wizard casts a spell.
The orc wizard flickers and vanishes!
The orc priest casts a cantrip, but nothing happens.
The ufetubus attacks as you move away! The ufetubus hits you.
You die... .........#.....# .......... ....###..#...o.######+######.## ### #o####o............###.#. oo.

#.{...........#...+. #...o
#.............#...#.
#.....#.............#[..#.
#...o.#.............#...#.
###o..#..5..........#'###.
...#..@รท.#'####).......
#.....#....#..>.....
#.....#....#........
#...<.#....#........
#.....#...##........
.....###...#......#+#
<....#.....#......#
......#.....#......#
#.....#......+


You could see an orc priest, an orc and an ufetubus.

Vanquished Creatures
  An iguana (D:5)
  5 adders
  A white imp (D:3)
  An ufetubus (D:4)
  6 orcs
  6 ball pythons
  10 endoplasms
  5 giant cockroaches
  2 hobgoblins
  2 quokkas
  6 bats
  3 frilled lizards
  10 goblins
  7 kobolds
  3 rats
68 creatures vanquished.

Vanquished Creatures (others)
  18 fungi (D:4)
18 creatures vanquished.

Grand Total: 86 creatures vanquished

Notes
Turn   | Place    | Note
-------+----------+-------------------------------------------
     0 | D:1      | FaviusArthum the Deep Elf Conjurer began the quest for the
                  | Orb.
     0 | D:1      | Reached XP level 1. HP: 10/10 MP: 6/6
   290 | D:1      | Reached XP level 2. HP: 11/15 MP: 6/8
   296 | D:1      | Learned a level 2 spell: Searing Ray
  1238 | D:1      | Reached skill level 5 in Conjurations
  1627 | D:2      | Reached skill level 1 in Armour
  1627 | D:2      | Reached XP level 3. HP: 14/19 MP: 5/9
  1941 | D:2      | Found a glowing silver altar of Zin.
  2701 | D:3      | Reached XP level 4. HP: 16/24 MP: 0/11
  3288 | D:3      | Found a faded altar of an unknown god.
  3868 | D:4      | Noticed an ogre
  4357 | D:4      | Learned a level 2 spell: Poisonous Vapours
  4379 | D:5      | Entered Level 5 of the Dungeon
  4427 | D:5      | Reached XP level 5. HP: 15/28 MP: 13/13
  4676 | D:5      | Learned a level 4 spell: Fulminant Prism
  4737 | D:5      | HP: 1/28 [ufetubus (2)]
  4739 | D:5      | Slain by an ufetubus

Illustrated notes

Levels and vault maps discovered:
D:1:      saegor_arrival_simple_d, layout_loops_ring
D:2:      layout_loops_ring, basic_altar, minivault_24
D:3:      layout_rooms, dreamdust_ecumenical_altar_angels_and_demons,
          minmay_misc_feat_more_columns
D:4:      layout_loops_ring, mainiacjoe_overflow_cross_hatched,
          lemuel_tele_altar, enter_ossuary_2, uniq_grinder
D:5:      layout_gridville

Skill      XL: |  1  2  3  4 |
---------------+-------------+-----
Conjurations   | 5 |  5.1
Armour         | 1 |  1.9
Dodging        | 3 |  3.1
Spellcasting   | 4 |  4.5
Fighting       | |  0.3
Stealth        | |  2.8

Action                   |  1- 3 |  4- 6 || total
-------------------------+-------+-------++-------
Melee: Short sword       |     6 |       ||     6
       Punch             |     4 |     1 ||     5
       Dagger            |     5 |       ||     5
       Rapier            |    15 |    11 ||    26
       Flail             |       |     9 ||     9
 Cast: Magic Dart        |    58 |    45 ||   103
       Searing Ray       |     4 |     3 ||     7
       Poisonous Vapours |       |     5 ||     5
  Use: Scroll            |       |     7 ||     7
       Potion            |       |     1 ||     1
Armor: Leather armour    |    14 |    15 ||    29
Dodge: Dodged            |    18 |    34 ||    52
